 Dungeon Crawl Stone Soup version 0.30-a0-137-gd8773701ce (webtiles) character file.

Game seed: 17179160067958716536

130 ytrimaz the Trooper (level 4, -2/39 HPs)
             Began as a Demonspawn Chaos Knight on Sept 22, 2022.
             Was a Plaything of Xom.
             Slain by a swamp worm (glowing shapeshifter) (17 damage)
             ... on level 3 of the Dungeon.
             The game lasted 00:05:00 (3164 turns).

ytrimaz the Trooper (Demonspawn Chaos Knight)       Turns: 3164, Time: 00:05:00

Health: -2/39      AC:  8    Str: 13    XL:     4   Next: 90%
Magic:  4/4        EV: 11    Int: 12    God:    Xom [....*.]
Gold:   264        SH:  0    Dex: 17    Spells: 3/3 levels left

rFire   . . .      SeeInvis .    a - +1 hand axe (chaos)
rCold   . . .      Faith    .    (no shield)
rNeg    . . .      Spirit   .    b - +3 leather armour
rPois   .          Reflect  .    p - +1 hat
rElec   .          Harm     .    g - +0 cloak
rCorr   .          Rampage  .    (no gloves)
Will    +++..                    (no boots)
Stlth   +.........               (no amulet)
HPRegen 0.93/turn                i - ring of willpower
MPRegen 0.09/turn                k - ring of willpower

@: mighty
A: demonic magic 1, demonic touch 1, hooves 1, agile 1, strong-willed 1,
regeneration 1, evolution 1
a: Renounce Religion


You were on level 3 of the Dungeon.
You worshipped Xom.
You were a beloved toy of Xom.
You visited 1 branch of the dungeon, and saw 3 of its levels.

You collected 264 gold pieces.


Innate Abilities, Weirdness & Mutations

Spells you cast may paralyse adjacent enemies.
Your touch may inflict minor irresistible damage on your foes.
You have large cloven feet.
You are agile. (Dex +4, Str/Int -1)
You are strong-willed. (Will+)
Your natural rate of healing is unusually fast.
You have hidden genetic potential.


   Skills:
 * Level 5.0 Fighting
 + Level 3.6 Axes
 + Level 0.0(2.1) Maces & Flails
 - Level 1.7 Armour
 - Level 0.8 Dodging


You had 3 spell levels left.
You didn't know any spells.
Your spell library contained the following spells:

 Spells                   Type           Power      Damage    Failure   Level
 Foxfire                  Conj/Fire      0%         2x1d4     38%         1
 Cigotuvi's Dreadful Rot  Necr/Pois/Air  0%         N/A       54%         2
 Dazzling Flash           Conj/Hex       0%         N/A       77%         3
 Gell's Gravitas          Tloc           0%         N/A       77%         3
 Inner Flame              Hex/Fire       0%         N/A       77%         3
 Kindle Blastsparks       Fire/Tloc/Air  0%         2d10      77%         3
 Lesser Beckoning         Tloc           0%         N/A       77%         3
 Teleport Other           Tloc           0%         N/A       77%         3
 Dispel Undead            Necr           0%         3d6       99%         4
 Flame Wave               Conj/Fire      0%         2d4       99%         4
 Iskenderun's Mystic Bla  Conj/Tloc      0%         2d3       99%         4
 Death Channel            Necr           0%         N/A       100%        6
 Starburst                Conj/Fire      0%         6d3       100%        6

Inventory:

Hand Weapons
 a - a +1 hand axe of chaos (weapon)
Armour
 b - a +3 leather armour (worn)
 g - a +0 cloak (worn)
   (You found it on level 2 of the Dungeon)
 p - a +1 hat (worn)
   (You found it on level 3 of the Dungeon)
Jewellery
 e - a +6 ring of dexterity
   (You found it on level 1 of the Dungeon)
 i - a ring of willpower (left hand)
   (You found it on level 1 of the Dungeon)
 k - a ring of willpower (right hand)
   (You found it on level 2 of the Dungeon)
Scrolls
 d - a scroll of vulnerability
 o - a scroll of amnesia {unknown}
 q - a scroll of teleportation
 r - a scroll of enchant weapon
Potions
 f - a potion of haste
 h - a potion of resistance
 l - 2 potions of curing
 m - a potion of might
 n - a potion of lignification
Miscellaneous
 c - a piece from Xom's chessboard (15/15) (quivered)

Dungeon Overview and Level Annotations

Branches:
Dungeon (3/15) Zot: 14818

Altars:
Ashenzari
Fedhas

#.# #ยงm.Y.# #.#
#####.# #.# ### #.##
#.###.## #..#
#....#.# ##.# #.
#####.## #.# #. #.#
##.## #.# #.#
#####...# #.# #.#
#.@w....# #.# #.#
#.###...# #.# #.# #.#
##### #.######
#.#####.# #.....>##
#.....#.# #..###...
#####.#.#########..#
#.<.
#....##...##.#.###..#
#.......#.#.##.....##
#....##....#####.....


You could see a swamp worm.


Message History

You see here a +0 ring mail.
Key pressed, stopping explore.
You now have 264 gold pieces (gained 6).
r - a scroll of enchant weapon A giant cockroach comes into view.
The giant cockroach bites you but does no damage.
You closely miss the giant cockroach. Your touch misses the giant cockroach.
The giant cockroach bites you but does no damage.
You hit the giant cockroach.
The giant cockroach seems to grow stronger.
Xom is highly amused!
You kick the giant cockroach, but do no damage.
The giant cockroach barely misses you.
The giant cockroach completely misses you.
You hit the giant cockroach but do no damage.
The giant cockroach changes into a glowing shapeshifter!
Xom roars with laughter!
You kick the glowing shapeshifter, but do no damage.
You touch the glowing shapeshifter!
You hear Xom's avuncular chuckle.
The glowing shapeshifter looks momentarily different.
The glowing shapeshifter changes into an eye of devastation!
An eye of devastation is nearby!
Unknown command.
You hit the eye of devastation but do no damage.
You kick the eye of devastation.
Your touch misses the eye of devastation. "Forecast: mostly cloudy."
You are now a beloved toy of Xom.
The eye of devastation changes into a death drake!
You barely miss the death drake. Your kick misses the death drake.
The death drake bites you but does no damage.
Unknown command.
You barely miss the death drake. Your kick misses the death drake.
The death drake breathes miasma at you. The foul vapour engulfs you!
You are poisoned. ๐Ÿ˜ฎ HP[-10]
You take 10 damage, and now have 29/39 hp.
MASSIVE DAMAGE!! (PAUSE) Unknown command.
You feel very sick.
The death drake changes into a faun! ๐Ÿ˜ฎ HP[-5]
You take 5 damage, and now have 24/39 hp.
Unknown command.
You feel very sick. ๐Ÿ˜ฎ HP[-3]
You take 3 damage, and now have 21/39 hp.
You feel very sick. ๐Ÿ˜จ HP[-2]
You take 2 damage, and now have 19/39 hp.
You feel very sick. ๐Ÿ˜จ HP[-2]
You take 2 damage, and now have 17/39 hp.
You feel sick. ๐Ÿ˜จ HP[-1]
You take 1 damage, and now have 16/39 hp.
You feel sick. ๐Ÿ˜จ HP[-1]
You take 1 damage, and now have 15/39 hp.
You feel sick.
A merfolk comes into view.
You feel sick.
You feel sick.
You feel sick.
You feel sick.
You feel sick.
You are no longer poisoned.
A floating eye comes into view.
The floating eye changes into a dream sheep!
Unknown command. ๐Ÿ˜จ HP[+1] ๐Ÿ˜จ HP[+1] ๐Ÿ˜จ HP[+1] ๐Ÿ˜จ HP[+1] ๐Ÿ˜ฎ HP[+1] ๐Ÿ˜ฎ HP[+1] ๐Ÿ˜ฎ HP[+1]
You feel very mighty all of a sudden. ๐Ÿ˜ฎ HP[+1]
You feel much better. ๐Ÿ˜Ž HP[+16]
Your hp is fully restored (39).
A swamp worm comes into view.
The swamp worm fires a harpoon shot at you.
The harpoon shot hits you!
You are yanked forward by the harpoon shot. ๐Ÿ˜ฎ HP[-13]
You take 13 damage, and now have 26/39 hp.
MASSIVE DAMAGE!! (PAUSE)
You barely miss the swamp worm.
You touch the swamp worm!
The swamp worm completely misses you. ๐Ÿ˜ฎ HP[+1]
You closely miss the swamp worm. Your punch misses the swamp worm.
The swamp worm bites you!
* * * LOW HITPOINT WARNING * * *
The swamp worm bites you!
You die...
Xom snickers!

Skill      XL: |  1  2  3  4 |
---------------+-------------+-----
Axes           | 3 |  3.6
Fighting       | 4 5 |  5.0
Armour         | |  1.7
Dodging        | |  0.8

Action                   |  1- 3 |  4- 6 || total
-------------------------+-------+-------++-------
Melee: Hand axe          |    81 |    52 ||   133
       Touch             |    11 |    11 ||    22
       Punch             |     3 |       ||     3
       Kick              |       |     7 ||     7
  Use: Scroll            |     9 |     3 ||    12
       Potion            |       |     2 ||     2
 Stab: Sleeping          |     3 |       ||     3
Armor: Leather armour    |    46 |    19 ||    65
Dodge: Dodged            |    54 |    28 ||    82

Levels and vault maps discovered:
D:1:      dpeg_arrival_short_road, layout_basic, shapermc_ecumenical_altar_gd,
          minmay_hexomino_u4
D:2:      layout_basic, basic_altar, minivault_14, st_stairs_11,
          hangedman_feature_mirror, uniq_crazy_yiuf_cottage
D:3:      layout_loops_ring, cheibrodos_ashenzari_chains

Notes
Turn   | Place    | Note
-------+----------+-------------------------------------------
     0 | D:1      | ytrimaz the Demonspawn Chaos Knight began the quest for the
                  | Orb.
     0 | D:1      | Reached XP level 1. HP: 18/18 MP: 1/1
     0 | D:1      | magus.rc [v1.9.6]
   206 | D:1      | XOM: cloud trail
   220 | D:1      | Gained mutation: Your touch may inflict minor irresistible
                  | damage on your foes. [demonic ancestry]
   220 | D:1      | Reached XP level 2. HP: 23/24 MP: 2/2
   258 | D:1      | XOM: divination: magic mapping
   382 | D:1      | Reached skill level 3 in Axes
   437 | D:1      | Found a faded altar of an unknown god.
   792 | D:1      | Gained mutation: Spells you cast may paralyse adjacent
                  | enemies. [demonic ancestry]
   792 | D:1      | Reached XP level 3. HP: 30/30 MP: 3/3
   927 | D:1      | Reached skill level 4 in Fighting
  1060 | D:2      | XOM: 1-stop teleportation journey
  1644 | D:2      | You pick up a book of Decay and begin reading...
  1644 | D:2      | You add the spells Cigotuvi's Dreadful Rot, Dispel Undead
                  | and Death Channel to your library.
  1706 | D:2      | Reached XP level 4. HP: 38/38 MP: 4/4
  1971 | D:2      | Found a blossoming altar of Fedhas.
  2080 | D:2      | Found a runed translucent door.
  2081 | D:2      | Noticed Crazy Yiuf
  2248 | D:2      | XOM: noise
  2269 | D:2      | Killed Crazy Yiuf
  2620 | D:3      | Identified the +0 pair of gloves of Dyph {rCorr Dex+5}
  2676 | D:3      | XOM: give mutations
  2676 | D:3      | Gained mutation: You have sharp toenails. [Xom's grace]
  2676 | D:3      | Gained mutation: You are agile. (Dex +4, Str/Int -1) [Xom's
                  | grace]
  2676 | D:3      | Gained mutation: You have hidden genetic potential. [Xom's
                  | grace]
  2676 | D:3      | Lost mutation: You have sharp toenails. [Xom's grace]
  2676 | D:3      | Gained mutation: You have large cloven feet. [Xom's grace]
  2747 | D:3      | You pick up a book of Displacement and begin reading...
  2747 | D:3      | You add the spells Lesser Beckoning, Gell's Gravitas and
                  | Teleport Other to your library.
  2783 | D:3      | XOM: cloud trail
  2834 | D:3      | XOM: give mutations
  2834 | D:3      | Gained mutation: Your natural rate of healing is unusually
                  | fast. [Xom's grace]
  2834 | D:3      | Gained mutation: You are strong-willed. (Will+) [Xom's
                  | grace]
  2883 | D:3      | You pick up a book of Spectacle and begin reading...
  2883 | D:3      | You add the spells Dazzling Flash, Iskenderun's Mystic
                  | Blast and Starburst to your library.
  2962 | D:3      | You pick up a book of Flames and begin reading...
  2962 | D:3      | You add the spells Foxfire, Kindle Blastsparks, Inner Flame
                  | and Flame Wave to your library.
  3003 | D:3      | Found a broken altar of Ashenzari.
  3009 | D:3      | Reached skill level 5 in Fighting
  3036 | D:3      | XOM: god gift: 35 gold pieces
  3135 | D:3      | a giant cockroach changed into a glowing shapeshifter
  3135 | D:3      | Noticed a glowing shapeshifter (glowing shapeshifter)
  3135 | D:3      | XOM: polymorph glowing shapeshifter -> glowing shapeshifter
  3135 | D:3      | a glowing shapeshifter changed into an eye of devastation
  3135 | D:3      | Noticed an eye of devastation (glowing shapeshifter)
  3136 | D:3      | XOM: fog
  3136 | D:3      | an eye of devastation changed into a death drake
  3136 | D:3      | Noticed a death drake (glowing shapeshifter)
  3139 | D:3      | a death drake changed into a faun
  3139 | D:3      | Noticed a faun (glowing shapeshifter)
  3145 | D:3      | Noticed a merfolk
  3150 | D:3      | Noticed a floating eye
  3151 | D:3      | a floating eye changed into a dream sheep
  3151 | D:3      | Noticed a dream sheep (glowing shapeshifter)
  3162 | D:3      | Noticed a swamp worm
  3164 | D:3      | Slain by a swamp worm (glowing shapeshifter)

Vanquished Creatures
  Crazy Yiuf (D:2)
  2 adders
  A worm (D:2)
  5 dart slugs
  4 ball pythons
  10 bats
  10 endoplasms
  4 giant cockroaches
  4 goblins
  6 hobgoblins
  3 jackals (D:3)
  3 quokkas
  A frilled lizard (D:1)
  8 kobolds
  4 rats
66 creatures vanquished.

Vanquished Creatures (others)
  6 demonic plants (D:1)
  4 fungi (D:1)
  7 plants (D:1)
  4 withered plants (D:1)
21 creatures vanquished.

Grand Total: 87 creatures vanquished

Table legend:
 A = Non-vault XP
 B = Vault XP
 C = Vault XP percentage of total XP
 D = Non-vault monster count
 E = Vault monster count
 F = Vault count percentage of total count
                 A         B        C        D         E       F
            +---------+---------+-------+---------+---------+-------
      Total |     125 |      62 |  33.2 |      54 |      12 |  18.2
            +---------+---------+-------+---------+---------+-------
        D:1 |      47 |       4 |   7.8 |      23 |       2 |   8.0
        D:2 |      37 |      58 |  61.1 |      14 |      10 |  41.7
        D:3 |      41 |       0 |   0.0 |      17 |       0 |   0.0
            +---------+---------+-------+---------+---------+-------

Illustrated notes

Table legend:
 A = Kills in this place as a percentage of kills in entire the game.
 B = Kills by you in this place as a percentage of kills by you in the entire game.
 C = Kills by friends in this place as a percentage of kills by friends in the entire game.
 D = Other kills in this place as a percentage of other kills in the entire game.
 E = Experience gained in this place as a percentage of experience gained in the entire game.
 F = Experience gained in this place divided by the number of levels of this place that you have seen.
                   A       B       C       D       E      F
               +-------+-------+-------+-------+-------+----------------------
         Total | 100.0 | 100.0 |   N/A |   N/A | 100.0 |  62.3
       Dungeon | 100.0 | 100.0 |   N/A |   N/A | 100.0 |  62.3
               +-------+-------+-------+-------+-------+----------------------

Table legend: (Time is in decaauts)
 A = Elapsed time spent in this place.
 B = Non-inter-level travel time spent in this place.
 C = Inter-level travel time spent in this place.
 D = Time resting spent in this place.
 E = Time spent auto-exploring this place.
 F = Levels seen in this place.
 G = Mean time per level.
                   A        B        C        D        E       F      G
               +--------+--------+--------+--------+--------+-----+--------+
         Total |   3180 |   3122 |     58 |      0 |   2510 |   3 | 1060.0 |
       Dungeon |   3180 |   3122 |     58 |      0 |   2510 |   3 | 1060.0 |
               +--------+--------+--------+--------+--------+-----+--------+

Top non-repeatable levels by time:
     D:2: 1528 daAuts
     D:1: 966 daAuts
     D:3: 685 daAuts
